Map: Apotheosis LE

Players

AHS

  • Race: Zerg Zerg
  • League: Platinum

A.I. 1 (Very Easy) - Winner!

  • Race: Terran Terran

VOD

Have the link to the VOD?

Description

Time

  • Played on: Oct. 14, 2016, 1:27 p.m.
  • Length: 8:05
Show
View Real Time Build Order
Export as new Build Order

AHS Zerg 

Build Orders: Hatch First 

Get SALT Encoding   

  12  0:01  Drone  
  13  0:13  Overlord  
  13  0:17  Drone  
  14  0:31  Drone x2  
  16  0:36  Drone  
  17  0:54  Hatchery  
  16  0:57  Drone  
  16  1:00  Drone  
  16  1:03  Extractor  
  17  1:08  Drone  
  18  1:20  Spawning Pool  
  18  1:23  Drone  
  18  1:34  Drone  
  19  1:42  Overlord  
  19  1:52  Drone  
  20  2:11  Metabolic Boost  
  20  2:14  Queen x2  
  20  2:15  Extractor  
  23  2:16  Zergling x4  
  23  2:18  Drone  
  26  2:33  Drone x3  
  29  2:51  Evolution Chamber  
  28  2:54  Evolution Chamber  
  28  2:58  Drone  
  28  2:59  Drone x4  
  28  3:04  Overlord  
  32  3:17  Zerg Ground Armor Level 1  
  32  3:21  Zerg Melee Weapons Level 1  
  32  3:24  Drone  
  33  3:29  Drone  
  33  3:30  Drone  
  35  3:42  Drone x3  
  35  3:43  Drone x2  
  35  3:47  Drone  
  35  3:48  Drone  
  42  3:56  Drone x2  
  44  4:09  Hatchery  
  43  4:13  Lair  
  43  4:15  Overlord  
  43  4:21  Baneling Nest  
  42  4:27  Overlord, Drone  
  42  4:28  Drone  
  44  4:37  Queen  
  46  4:51  Drone  
  46  4:52  Drone x9  
  56  4:59  Extractor  
  55  5:00  Extractor  
  54  5:15  Zerg Ground Armor Level 2, Zerg Melee Weapons Level 2  
  54  5:22  Infestation Pit  
  53  5:50  Centrifical Hooks  
  53  6:01  Drone x2  
  53  6:02  Drone x11  
  66  6:04  Overlord  
  66  6:05  Overlord x3  
  66  6:12  Hive  
  66  6:22  Queen x2  
  70  6:36  Pathogen Glands  
  70  6:37  Extractor  
  70  6:38  Extractor  
  68  6:41  Baneling x4  
  68  6:57  Queen  
  68  6:58  Queen  
  72  7:23  Drone  
  72  7:24  Drone x10  
  83  7:30  Zergling x6  
  83  7:31  Zergling x24  
Show
View Real Time Build Order
Export as new Build Order

A.I. 1 (Very Easy) Terran - Winner!

Build Orders: Reaper Expand 

Get SALT Encoding   

  12  0:00  SCV  
  13  0:13  SCV  
  14  0:18  Supply Depot  
  14  0:43  Barracks  
  14  1:04  Command Center  
  14  1:33  Marine, Orbital Command, Supply Depot  
  14  1:39  Refinery  
  15  1:49  Refinery  
  15  1:59  SCV  
  16  2:11  SCV  
  17  2:17  SCV  
  17  2:18  Reaper  
  19  2:24  SCV  
  20  2:31  SCV  
  21  2:38  SCV  
  22  2:45  SCV  
  23  2:52  SCV  
  24  2:59  Refinery, Marine  
  24  3:00  SCV  
  26  3:07  SCV  
  27  3:14  Factory, SCV  
  28  3:39  Refinery  
  28  3:40  Marine, SCV  
  29  3:47  SCV  
  30  3:54  SCV  
  31  4:00  Starport  
  31  4:02  SCV  
  32  4:05  Supply Depot  
  32  4:09  SCV  
  33  4:16  SCV  
  34  4:22  Reaper  
  34  4:23  SCV  
  36  4:30  SCV  
  37  4:37  Starport Tech Lab, SCV  
  38  4:44  SCV  
  39  4:48  Supply Depot  
  39  4:52  SCV  
  40  4:56  Raven  
  40  4:59  SCV  
  42  5:03  Marine  
  42  5:06  SCV  
  44  5:13  SCV  
  45  5:20  SCV  
  46  5:27  SCV  
  47  5:35  SCV  
  48  5:39  Raven  
  50  5:45  Marine  
  51  6:26  Barracks Tech Lab  
  51  6:48  Marauder  
Tags
 
Add a new tag
Caveats
  • Supply blocks, unpowered buildings, or Contaminate may cause inaccurate times.
  • Supply counts are checked every 10 seconds.